 Dungeon Crawl Stone Soup version 0.18-a0-1692-g516f9e9 (webtiles) character file.

103 Ijustatesigmund the Sneak (level 4, -2/43 HPs)
             Began as an Octopode Assassin on Apr 5, 2016.
             Slain by an orc (3 damage)
             ... on level 3 of the Dungeon.
             The game lasted 00:04:30 (2481 turns).

Ijustatesigmund the Sneak (Octopode Assassin)       Turns: 2481, Time: 00:04:31

Health: -2/43      AC: 22    Str: 10    XL:     4   Next: 79%
Magic:  4/4        EV:  2    Int: 13    God:
Gold:   135        SH:  0    Dex: 14    Spells: 0 memorised, 3 levels left

rFire  . . .     SeeInvis .     a - +2 dagger
rCold  . . .     Gourm    .     (no shield)
rNeg   + + +     Faith    .     (helmet currently unavailable)
rPois  +         Spirit   .     g - amulet of magic regeneration
rElec  .         Dismiss  .     (no ring)
rCorr  .         Reflect  .     (no ring)
SustAt .         Harm     .     (no ring)
MR     .....     NoTele   +     (no ring)
Stlth  +++++.....               (no ring)
                                (no ring)
                                (no ring)
                                (no ring)

@: tree-form, slowed, very slow, not resistant to hostile enchantments, quite
stealthy
A: almost no armour, (amphibious), 8 rings, (constrict 8), (camouflage 0),
(gelatinous body 0)
a: no special abilities


You were on level 3 of the Dungeon.
You were not hungry.
You were a tree.
You visited 1 branch of the dungeon, and saw 4 of its levels.

You collected 135 gold pieces.

Inventory:

Hand Weapons
 a - a +2 dagger (weapon)
 b - a +1 blowgun
Missiles
 d - 2 curare-tipped needles
 m - 7 poisoned needles
 n - 7 tomahawks (quivered)
Jewellery
 g - an amulet of magic regeneration (around neck)
Scrolls
 j - 2 scrolls of remove curse
Potions
 e - a potion of lignification
 h - a potion of invisibility {unknown}
 i - a potion of agility
 l - a potion of might {unknown}
Comestibles
 c - a slice of pizza
 f - 2 bread rations
 k - a beef jerky


   Skills:
 - Level 2.0 Fighting
 + Level 3.3 Short Blades
 + Level 2.4 Throwing
 - Level 1.0 Dodging
 + Level 7.0 Stealth


You had 3 spell levels left.
You didn't know any spells.

Dungeon Overview and Level Annotations

Branches:
Dungeon (4/15)             Temple (0/1) D:4

Altars:
Xom


Innate Abilities, Weirdness & Mutations

You cannot wear most types of armour.
((You are amphibious.))
You can wear up to eight rings at the same time.
((You can use your tentacles to constrict eight enemies at once.))
((Your skin changes colour to match your surroundings (Stealth).))
((Your rubbery body absorbs attacks (AC +1).))


Message History

The magic dart hits you!
You hit the orc wizard but do no damage.
The orc wizard is moderately wounded.
You constrict the orc wizard. You hit the orc wizard.
The orc wizard is heavily wounded.
You constrict the orc wizard.
The orc wizard points at you and mumbles some strange words.
You feel yourself slow down.
You hit the orc wizard but do no damage.
The orc wizard is severely wounded.
You constrict the orc wizard. The orc wizard hits you with a dagger.
The orc hits you.
* * * LOW HITPOINT WARNING * * *
The orc misses you. The orc wizard hits you with a dagger.
* * * LOW HITPOINT WARNING * * *
Drink which item? (? for menu, Esc to quit)
You turn into a tree.
Your roots penetrate the ground.
You lose your grip on the orc wizard.
The orc hits you.
You die...

.......#.#############...##**
..#.............,,..........#
,,###...#.######*#.##.#.###.#
,,**##..#.# ##.##...# #.# ,,,*
#..#.# #...#.#####.# ,,,**#..#.#
#...#...,...# ,,,,,...#.#
####...#.##*#..# ,*,*#...#.#
##.oo......###..###
,*,*#...#.###.oo♣>.....>......###
,*,,,......[†..........###.>.....
*****...#.###.###...#.#####.#.###
,,,,,,,,*,* #........†......#.#
*****,*,*,**#.###...#########.#
*,*,,,,...# ##### #.###
*,,,,.....# #.... ****#######
#####


You could see an orc wizard and 3 orcs.

Vanquished Creatures
  An orc wizard (D:3)
  2 adders (D:2)
  4 worms
  2 dart slugs (D:1)
  A giant gecko (D:2)
  3 orcs
  A ball python (D:1)
  4 bats
  2 giant cockroaches
  5 goblins
  2 hobgoblins (D:1)
  5 kobolds
  A giant newt (D:2)
  7 rats
40 creatures vanquished.

Notes
Turn   | Place    | Note
--------------------------------------------------------------
     0 | D:1      | Ijustatesigmund the Octopode Assassin began the quest for the Orb.
     0 | D:1      | Reached XP level 1. HP: 14/14 MP: 1/1
   104 | D:1      | Reached XP level 2. HP: 13/19 MP: 2/2
   825 | D:1      | Reached skill level 6 in Stealth
  1186 | D:2      | Reached XP level 3. HP: 20/24 MP: 3/3
  1582 | D:2      | Reached XP level 4. HP: 16/29 MP: 4/4
  1760 | D:2      | Found a shimmering altar of Xom.
  2363 | D:3      | Reached skill level 7 in Stealth
  2381 | D:4      | HP: 1/29 [orc/hand axe (4)]
  2480 | D:3      | HP: 1/29 [orc wizard/dagger (4)]
  2481 | D:3      | Slain by an orc

Vault maps used:
D:1:      eino_arrival_druids_welcome, minmay_misc_feat_x
D:2:      old_standard_altar
D:3:      minmay_misc_feat_iff
D:4:      lemuel_blue_sif_altar, minmay_temple_entry_poolview, first_bread,
          portal_sewer_entry_e

Skill      XL: |  1  2  3  4 |
---------------+-------------+-----
Stealth        | 6 7 |  7.0
Short Blades   | 3 |  3.3
Fighting       | |  2.0
Throwing       | |  2.4
Dodging        | |  1.0

Action                   |  1- 3 |  4- 6 || total
-------------------------+-------+-------++-------
Melee: Dagger            |    57 |    38 ||    95
 Fire: Blowgun           |     8 |       ||     8
  Use: Scroll            |     5 |     3 ||     8
       Potion            |     1 |     3 ||     4
 Stab: Sleeping          |    10 |     5 ||    15
  Eat: Chunk             |     2 |     3 ||     5
